 Dungeon Crawl Stone Soup version 0.15-a0-413-gc6111ba (webtiles) character file.

74 4tharraofdagon the Chopper (level 3, -3/28 HPs)
             Began as a Demonspawn Gladiator on May 5, 2014.
             Slain by a centaur (6 damage)
             ... on Level 5 of the Dungeon.
             The game lasted 00:02:28 (423 turns).

4tharraofdagon the Chopper (Demonspawn Gladiator)    Turns: 423, Time: 00:02:28

HP  -3/28        AC  8     Str 18      XL: 3   Next: 28%
MP   3/3         EV 12     Int  9      God:
Gold 35          SH  7     Dex 13      Spells:  0 memorised,  2 levels left

rFire  . . .     SeeInvis .     a - +0 war axe
rCold  + . .     Clarity  .     k - +1 scale mail {rC+}
rNeg   . . .     Conserve .     m - +0 buckler
rPois  .         rCorr    .     c - +0 helmet
rElec  .         rRot     .     (no cloak)
SustAb . .       Spirit   .     (no gloves)
rMut   .         Warding  .     (no boots)
Saprov . . .     Stasis   .     (no amulet)
MR     .....                    (no ring)
                                h - +5 ring of evasion

@: not resistant to hostile enchantments, extremely unstealthy
A: claws 1, mutation resistance 1, powered by pain 1, screaming 1, strong 1
a: no special abilities


You were on level 5 of the Dungeon.
You were not hungry.

You visited 1 branch of the dungeon, and saw 5 of its levels.

You collected 35 gold pieces.

Inventory:

Hand weapons
 a - a +0,+0 war axe (weapon)
Armour
 b - a +0 leather armour
 c - a +0 helmet (worn)
 k - a +1 scale mail of cold resistance (worn)
 m - a +0 buckler (worn)
Comestibles
 f - 4 bread rations
 g - a cheese
 l - an apple
Scrolls
 e - a scroll of identify {unknown}
 j - 2 scrolls of remove curse {unknown}
 n - a scroll of recharging {unknown}
Jewellery
 h - a +5 ring of evasion (left claw)


   Skills:
 + Level 2.4 Fighting
 * Level 3.4 Axes
 - Level 1.7 Throwing
 + Level 1.0 Armour
 - Level 2.6 Dodging


You had 2 spell levels left.
You didn't know any spells.

Dungeon Overview and Level Annotations

Branches:
Dungeon (5/15)
 Temple: D:4-7

Altars:


Innate Abilities, Weirdness & Mutations

You have sharp fingernails.
You sometimes gain a little power by taking damage.
You are somewhat resistant to further mutation.
You occasionally shout uncontrollably.
Your muscles are strong. (Str +2)


Message History

* * * LOW HITPOINT WARNING * * *
The centaur closely misses you.
You closely miss the centaur.
The centaur is severely wounded.
The centaur barely misses you. x2
Unknown command.
Drink which item? (? for menu, Esc to quit)
You feel better.
It was a potion of curing.
The centaur misses you.
Unknown command.
You hit the centaur but do no damage.
The centaur is severely wounded.
The centaur hits you.
* * * LOW HITPOINT WARNING * * *
You block the centaur's attack. The centaur hits you.
* * * LOW HITPOINT WARNING * * *
Unknown command.
You barely miss the centaur.
The centaur is severely wounded.
The centaur hits you.
You die...

##............## .....
#...(..........## ......
................##.......
.................#.......
.....♣♣♣♣♣♣......#.......
.....♣ ♣......#........
.....♣ ♣...(..(........
.....♣ ♣......c........
.....♣ ♣.....@#.......
.....♣♣♣♣♣♣......#.......
.................#.......
................##......
#..............## .....
##............## ....
##..........## c
##........## ####++####


You could see a centaur.

Vanquished Creatures
  3 adders
  An orc (D:3)
  3 bats
  A giant cockroach (D:2)
  A goblin (D:1)
  A hobgoblin (D:1)
  A kobold (D:1)
  3 rats
14 creatures vanquished.

Notes
Turn   | Place    | Note
--------------------------------------------------------------
     0 | D:1      | 4tharraofdagon, the Demonspawn Gladiator, began the quest for the Orb.
     0 | D:1      | Reached XP level 1. HP: 16/16 MP: 1/1
   139 | D:2      | Reached skill level 3 in Axes
   195 | D:3      | Gained mutation: You have sharp fingernails. [demonic ancestry]
   195 | D:3      | Reached XP level 2. HP: 13/22 MP: 2/2
   324 | D:4      | Reached skill level 1 in Armour
   324 | D:4      | Gained mutation: You sometimes gain a little power by taking damage. [demonic ancestry]
   324 | D:4      | Reached XP level 3. HP: 18/28 MP: 3/3
   373 | D:5      | Entered Level 5 of the Dungeon
   380 | D:5      | Gained mutation: You occasionally shout uncontrollably. [potion of mutation]
   380 | D:5      | Gained mutation: Your muscles are strong. (Str +2) [potion of mutation]
   380 | D:5      | Gained mutation: You are somewhat resistant to further mutation. [potion of mutation]
   406 | D:5      | Noticed a centaur
   423 | D:5      | Slain by a centaur

Action                   || total
-------------------------++-------
Melee: War axe           ||    63
Throw: Throwing net      ||     8
  Use: Potion            ||     2
 Stab: Held in net/web   ||     3
